 Dungeon Crawl Stone Soup version 0.22.1-1-ga44c0e56f4 (webtiles) character file.

172 Reeggar the Skirmisher (level 5, -7/42 HPs)
             Began as a Demonspawn Fighter on Nov 5, 2018.
             Was an Initiate of Ru.
             Mangled by an ogre
             ... wielding a +0 giant spiked club
              (23 damage)
             ... on level 3 of the Dungeon.
             The game lasted 00:10:22 (3157 turns).

Reeggar the Skirmisher (Demonspawn Fighter)         Turns: 3157, Time: 00:10:22

Health: -7/42      AC:  6    Str: 17    XL:     5   Next: 27%
Magic:  5/5        EV:  7    Int: 10    God:    Ru [......]
Gold:   134        SH:  9    Dex: 12    Spells: 4/4 levels left

rFire    . . .     SeeInvis .   a - +0 flail
rCold    . . .     Gourm    .   c - +0 shield
rNeg     . . .     Faith    .   b - +0 scale mail
rPois    .         Spirit   .   (no helmet)
rElec    .         Reflect  .   (no cloak)
rCorr    .         Harm     .   (no gloves)
MR       .....                  (no boots)
Stlth    ..........             (no amulet)
HPRegen  0.14/turn              (no ring)
MPRegen  0.09/turn              (no ring)

@: no status effects
A: powered by death 1
a: Renounce Religion


You were on level 3 of the Dungeon.
You worshipped Ru.
Ru was noncommittal.
You were not hungry.

You visited 1 branch of the dungeon, and saw 3 of its levels.

You collected 134 gold pieces.

Inventory:

Hand Weapons
 a - a +0 flail (weapon)
Armour
 b - a +0 scale mail (worn)
 c - a +0 shield (worn)
Jewellery
 p - an uncursed amulet of faith {unknown}
Scrolls
 g - a scroll of fog {unknown}
 j - a scroll of enchant weapon {unknown}
 k - 2 scrolls of remove curse {unknown}
 l - 3 scrolls of identify {unknown}
 n - a scroll of amnesia {unknown}
Potions
 d - 2 potions of might
 e - a potion of curing {unknown}
 h - a potion of haste {unknown}
 i - 2 potions of flight {unknown}
 m - a potion of degeneration {unknown}
Comestibles
 f - 5 rations


   Skills:
 + Level 3.7 Fighting
 + Level 3.2 Maces & Flails
 + Level 3.2 Armour
 + Level 0.6 Dodging
 + Level 3.6 Shields


You had 4 spell levels left.
You didn't know any spells.
Your spell library was empty.

Dungeon Overview and Level Annotations

Branches:
Dungeon (3/15)

Altars:
Ru
Wu Jian
Zin


Innate Abilities, Weirdness & Mutations

You regenerate a little health from kills.


Message History

There is a stone staircase leading down here.
You open the door.
An ogre comes into view. It is wielding a giant spiked club.
The ogre shouts!
There is an open door here.
The ogre barely misses you.
You open the door.
There is an open door here.
All of the chunks of flesh in your inventory have rotted away.
You open the door.
The ogre hits you with a giant spiked club!
There is an open door here.
You hit the ogre.
The ogre is lightly wounded.
The ogre hits you with a giant spiked club!
Your shield and scale mail prevent you from hitting the ogre.
The ogre is lightly wounded.
The ogre hits you with a giant spiked club!!
Ouch! That really hurt!
You die...

###### ####### #....# #.....#
#.##.# #.....# #.##.# #####
#.....# #####.##.#
#...####.....##### #.....##.#
#@O.'..'.....'>...
#.######.#.......####.....##### .
#......#.#.####### ############ .
#..###.#.###...## ##...## ##...
#..# #.#.##.)...###.....###....
#..# #.#.#...(.).#.......#.....
#..# #.#.#...(...#.......#.....
#..# #.#.#...(...#.......#.....
###..###.#.##.....###.....###....


You could see an ogre.

Vanquished Creatures
  Robin (D:3)
  5 adders
  A worm (D:2)
  2 dart slugs
  7 leopard geckos
  7 orcs (D:3)
  A ball python (D:2)
  8 bats
  5 giant cockroaches
  13 goblins
  12 hobgoblins
  A jackal (D:3)
  12 kobolds
  6 frilled lizards
  10 rats
91 creatures vanquished.

Notes
Turn   | Place    | Note
-------+----------+-------------------------------------------
     0 | D:1      | Reeggar the Demonspawn Fighter began the quest for the Orb.
     0 | D:1      | Reached XP level 1. HP: 18/18 MP: 1/1
    35 | D:1      | Gained mutation: You regenerate a little health from kills.
                  | [demonic ancestry]
    35 | D:1      | Reached XP level 2. HP: 24/24 MP: 2/2
   669 | D:1      | Reached XP level 3. HP: 28/29 MP: 3/3
  1202 | D:2      | Reached XP level 4. HP: 34/35 MP: 4/4
  1363 | D:2      | Found a glowing silver altar of Zin.
  2254 | D:3      | Found a sacrificial altar of Ru.
  2279 | D:3      | Became a worshipper of Ru the Awakened
  2372 | D:3      | Noticed Robin
  2389 | D:3      | Killed Robin
  2553 | D:3      | Reached XP level 5. HP: 41/41 MP: 5/5
  2987 | D:3      | Found an ornate altar of the Wu Jian Council.
  3141 | D:3      | Noticed an ogre
  3157 | D:3      | Mangled by an ogre

Skill      XL: |  1  2  3  4 |
---------------+-------------+-----
Maces & Flails | 2 3 |  3.2
Shields        | 3 |  3.6
Armour         | 3 |  3.2
Fighting       | |  3.7
Dodging        | |  0.6

Action                   |  1- 3 |  4- 6 || total
-------------------------+-------+-------++-------
Melee: Flail             |   157 |   161 ||   318
  Eat: Chunk             |     1 |     5 ||     6
       Ration            |       |     1 ||     1
Armor: Scale mail        |    97 |    67 ||   164
Dodge: Dodged            |    59 |    48 ||   107
Block: Shield            |   132 |    92 ||   224
